 Dungeon Crawl Stone Soup version 0.30-a0-800-g7c544603b3 (webtiles) character file.

Game seed: 9767603306091015968

8 jlumianski the Trooper (level 2, -3/24 HPs)
             Began as a Demonspawn Fighter on Feb 22, 2023.
             Frozen to death by an endoplasm (5 damage)
             ... on level 1 of the Dungeon.
             The game lasted 00:01:21 (341 turns).

jlumianski the Trooper (Demonspawn Fighter)          Turns: 341, Time: 00:01:22

Health: -3/24      AC:  7    Str: 16    XL:     2   Next: 0%
Magic:  2/2        EV:  8    Int:  9    God:
Gold:   12         SH:  4    Dex: 12    Spells: 1/1 levels left

rFire   . . .      SeeInvis .    a - +0 war axe
rCold   . . .      Faith    .    c - +0 buckler
rNeg    . . .      Spirit   .    b - +0 scale mail
rPois   .          Reflect  .    (no helmet)
rElec   .          Harm     .    (no cloak)
rCorr   .          Rampage  .    (no gloves)
Will    .....                    f - +0 pair of boots Stlth
                                 (no amulet)
HPRegen 0.24/turn                (no ring)
MPRegen 0.08/turn                (no ring)

@: no status effects
A: demonic magic 1
a: no special abilities


You were on level 1 of the Dungeon.
You visited 1 branch of the dungeon, and saw 1 of its levels.

You collected 12 gold pieces.

Inventory:

Hand Weapons
 a - a +0 war axe (weapon)
Armour
 b - a +0 scale mail (worn)
 c - a +0 buckler (worn)
 f - a +0 pair of boots (worn)
Scrolls
 e - a scroll of magic mapping {unknown}
Potions
 d - a potion of might


   Skills:
 + Level 3.0 Fighting
 + Level 1.9 Axes
 + Level 3.0 Armour
 + Level 2.8 Shields


You had one spell level left.
You didn't know any spells.
Your spell library was empty.

Dungeon Overview and Level Annotations

Branches:
Dungeon (1/15)

Altars:


Innate Abilities, Weirdness & Mutations

Spells you cast may paralyse adjacent enemies.


Message History

The hobgoblin barely misses you. The hobgoblin barely misses you.
The hobgoblin hits you. You block the hobgoblin's attack.
The hobgoblin hits you. The hobgoblin barely misses you.
The hobgoblin closely misses you.
The hobgoblin hits you but does no damage.
The hobgoblin barely misses you.
An endoplasm comes into view.
The endoplasm quivers.
The hobgoblin closely misses you.
The hobgoblin hits you but does no damage.
The hobgoblin closely misses you. The hobgoblin barely misses you.
You block the hobgoblin's attack. You block the hobgoblin's attack.
The hobgoblin completely misses you. The endoplasm freezes you.
You are frozen.
The hobgoblin hits you but does no damage.
The endoplasm barely misses you. The hobgoblin hits you.
The endoplasm freezes you.
You are frozen.
* * * LOW HITPOINT WARNING * * *
The hobgoblin misses you. The endoplasm hits you.
* * * LOW HITPOINT WARNING * * *
The hobgoblin barely misses you. The endoplasm freezes you.
You are frozen.
* * * LOW HITPOINT WARNING * * *
The hobgoblin barely misses you. The endoplasm freezes you.
You are frozen.
* * * LOW HITPOINT WARNING * * *
You block the hobgoblin's attack. The endoplasm freezes you.
You are frozen.
You die...

#.................#
##................#
##................###
............#.......#
.............#......#
.............#......# .
...#####.....#......#...
...#########.#...J......
..........)...#.@g......
#.#.#.#)#†#.#.###.##....
.#.#.#.#.#.#..# .# ..
#.#.~~~~~.#.#.# +#
.#.#≈...≈#.#....
#.#.≈...≈.#.#....
.#.#≈.<.≈#.#.......
#.#.≈≈≈≈≈.#.#......
.#.#.#.#.#.#..##...


You could see an endoplasm and a hobgoblin.

Vanquished Creatures
  A giant cockroach (D:1)
  A goblin (D:1)
  A kobold (D:1)
  3 ball pythons (D:1)
  A bat (D:1)
  A frilled lizard (D:1)
  A rat (D:1)
9 creatures vanquished.

Notes
Turn   | Place    | Note
-------+----------+-------------------------------------------
     0 | D:1      | jlumianski the Demonspawn Fighter began the quest for the
                  | Orb.
     0 | D:1      | Reached XP level 1. HP: 18/18 MP: 1/1
   122 | D:1      | Gained mutation: Spells you cast may paralyse adjacent
                  | enemies. [demonic ancestry]
   122 | D:1      | Reached XP level 2. HP: 24/24 MP: 2/2
   341 | D:1      | Frozen to death by an endoplasm

Illustrated notes

Levels and vault maps discovered:
D:1:      ncdulo_watergridlock, layout_basic

Skill      XL: |  1 |
---------------+----+-----
Armour         | 3 |  3.0
Fighting       | |  3.0
Axes           | |  1.9
Shields        | |  2.8

Action                     || total
---------------------------++-------
  Melee: War axe           ||    26
 Armour: Scale mail        ||    88
  Dodge: Dodged            ||   107
  Block: Buckler           ||    52

Table legend: (Time is in decaauts)
 A = Elapsed time spent in this place.
 B = Non-inter-level travel time spent in this place.
 C = Inter-level travel time spent in this place.
 D = Time resting spent in this place.
 E = Time spent auto-exploring this place.
 F = Levels seen in this place.
 G = Mean time per level.
                   A        B        C        D        E       F      G
               +--------+--------+--------+--------+--------+-----+--------+
         Total |    353 |    353 |      0 |      0 |     33 |   1 |  353.0 |
       Dungeon |    353 |    353 |      0 |      0 |     33 |   1 |  353.0 |
               +--------+--------+--------+--------+--------+-----+--------+

Top non-repeatable levels by time:
     D:1: 353 daAuts
